[Event "Titled Tuesday Blitz January 03 Early 2023"]
[White "Ibarra Jerez, Jose Carlos"]
[Black "Keymer, Vincent"]
[WhiteFideId "2226332"]
[BlackFideId "12940690"]
[WhiteElo "2563"]
[BlackElo "2700"]
[Result "1-0"]
[Round "08"]
[TimeControl "180+2"]
[Date "2023.01.03"]
[WhiteClock "0:00:05"]
[BlackClock "0:00:01"]

1. Nf3 c6 2. g3 d5 3. Bg2 Bg4 4. h3 Bh5 5. O-O Nd7 6. b3 Ngf6 7. c4 e6 8. Bb2 Bd6 9. Nc3 O-O 10. Rc1 Re8 11. Qc2 Qb6 12. Na4 Qd8 13. d3 Rc8 14. Rfe1 b5 15. Nc3 Qb6 16. e3 bxc4 17. bxc4 dxc4 18. Na4 Qa5 19. Qxc4 Bxf3 20. Bxf3 Nd5 21. d4 N7b6 22. Nxb6 axb6 23. e4 Ne7 24. Qb3 Red8 25. Red1 h6 26. Kg2 Ra8 27. a3 Qa4 28. Rd3 Bc7 29. Qxa4 Rxa4 30. Rb3 b5 31. e5 Ra6 32. Rbc3 Bb6 33. Rxc6 Nxc6 34. Rxc6 Bxd4 35. Rxa6 Bxb2 36. Ra5 Rd2 37. Kf1 g6 38. Rxb5 Bxa3 39. Be2 Bb2 40. f4 Bd4 41. Rb3 Ra2 42. Rd3 Bc5 43. h4 Kg7 44. Bf3 Bf2 45. Be2 Bb6 46. Rd7 Bc5 47. Rc7 Bd4 48. Rd7 Be3 49. Rd3 Bc5 50. Rd7 g5 51. fxg5 hxg5 52. hxg5 Kg6 53. Bd3+ Kxg5 54. Rxf7 Kg4 55. Bc4 Kxg3 56. Bxa2 Bd4 57. Bxe6 Bxe5 58. Ke2 Kh4 59. Kf3 Bd6 60. Rf5 Be7 61. Bf7 1-0


[Site "https://www.chess.com"]

[Event "Titled Tuesday Blitz January 03 Early 2023"]
[White "Svane, Rasmus"]
[Black "Oliveira, Silvio Eduardo"]
[WhiteFideId "4657101"]
[BlackFideId "2111560"]
[WhiteElo "2623"]
[BlackElo "2297"]
[Result "0-1"]
[Round "08"]
[TimeControl "180+2"]
[Date "2023.01.03"]
[WhiteClock "0:00:02"]
[BlackClock "0:00:59"]

1. Nf3 Nf6 2. g3 e6 3. Bg2 d5 4. O-O Be7 5. c4 O-O 6. b3 b6 7. d4 Bb7 8. Nc3 Nbd7 9. Bb2 c5 10. Ne1 Rc8 11. cxd5 Nxd5 12. Nxd5 Bxd5 13. Bxd5 exd5 14. dxc5 Nxc5 15. Ng2 Ne6 16. Qd3 d4 17. Rfd1 Qd5 18. Ne3 Qh5 19. Nf5 Bf6 20. Rd2 Rfd8 21. Ba3 Rc3 22. Qe4 h6 23. h4 g6 24. Ne7+ Kg7 25. Rad1 Nc5 26. Bxc5 Qxc5 27. Nxg6 fxg6 28. b4 Qd6 29. h5 gxh5 30. Qf5 Qe5 31. Qxe5 Bxe5 32. Kg2 Kg6 33. b5 Bf6 34. e3 d3 35. a4 Kf5 36. Kf3 h4 37. gxh4 Bxh4 38. Rh1 Rc2 39. Rxc2 dxc2 40. Ke2 Rd1 41. Rxd1 cxd1=Q+ 42. Kxd1 Bxf2 0-1


[Site "https://www.chess.com"]

[Event "Titled Tuesday Blitz January 03 Early 2023"]
[White "Boros, Denes"]
[Black "Puranik, Abhimanyu"]
[WhiteFideId "722340"]
[BlackFideId "5061245"]
[WhiteElo "2406"]
[BlackElo "2613"]
[Result "0-1"]
[Round "08"]
[TimeControl "180+2"]
[Date "2023.01.03"]
[WhiteClock "0:00:02"]
[BlackClock "0:00:02"]

1. e4 Nc6 2. Nf3 e5 3. Nc3 Nf6 4. a4 Bd6 5. Bc4 O-O 6. d3 h6 7. g4 Bc5 8. Rg1 d6 9. g5 Ng4 10. Rg2 h5 11. h3 Nxf2 12. Rxf2 Bxf2+ 13. Kxf2 Bxh3 14. Qh1 Bg4 15. Nd5 Ne7 16. Ne3 Qd7 17. Bd2 g6 18. Rg1 Bxf3 19. Qxf3 c6 20. Bb3 Rac8 21. a5 d5 22. Ke2 b6 23. Qf6 Qe6 24. Bb4 c5 25. Bd2 c4 26. exd5 Nxd5 27. Nxd5 Qxd5 28. Bxc4 Rxc4 29. dxc4 Qxc4+ 30. Kd1 Qd4 31. Rf1 Qxb2 32. Rf3 bxa5 33. Rb3 Qa1+ 34. Ke2 Qd4 35. Rd3 Qe4+ 36. Kd1 a4 37. Bc3 Re8 38. Kc1 a3 39. Rd8 Qh1+ 40. Kd2 Qg2+ 41. Kd1 Qh1+ 42. Kd2 Qg2+ 43. Kc1 Qh1+ 44. Rd1 Qe4 45. Rd3 Qh1+ 46. Kd2 Qg2+ 47. Kc1 Qh1+ 48. Kd2 a2 49. Bxe5 Qg2+ 50. Kd1 Qh1+ 51. Ke2 Qg2+ 52. Ke3 Qg3+ 0-1


[Site "https://www.chess.com"]

[Event "Titled Tuesday Blitz January 03 Early 2023"]
[White "Bacrot, Etienne"]
[Black "Timofeev, Artyom"]
[WhiteFideId "605506"]
[BlackFideId "4140419"]
[WhiteElo "2667"]
[BlackElo "2567"]
[Result "1-0"]
[Round "08"]
[TimeControl "180+2"]
[Date "2023.01.03"]
[WhiteClock "0:00:20"]
[BlackClock "0:00:12"]

1. e4 c5 2. Nf3 Nc6 3. Bb5 d6 4. O-O Bd7 5. Re1 a6 6. Bf1 Bg4 7. h3 Bxf3 8. Qxf3 g6 9. c3 Bg7 10. d3 e6 11. a4 Nge7 12. Bg5 O-O 13. Nd2 h6 14. Be3 b5 15. axb5 axb5 16. Qd1 b4 17. Qc2 Qc7 18. Nf3 Qb6 19. Qd2 Kh7 20. d4 cxd4 21. cxd4 d5 22. e5 Nf5 23. Bd3 Nxe3 24. Qxe3 Kg8 25. h4 h5 26. Qf4 b3 27. Rxa8 Rxa8 28. Rc1 Rf8 29. Rc3 Nb4 30. Qe3 Qa5 31. Rxb3 Rc8 32. Kh2 Nxd3 33. Qxd3 Bh6 34. Rc3 Rb8 35. Qc2 Kg7 36. b3 Qb6 37. g3 Qb4 38. Kg2 Rb7 39. Qd3 Qb6 40. Ne1 Ra7 41. Nc2 Ra2 42. b4 Kg8 43. Rc8+ Bf8 44. Qc3 Qb7 45. Qc5 1-0


[Site "https://www.chess.com"]

[Event "Titled Tuesday Blitz January 03 Early 2023"]
[White "Kadric, Denis"]
[Black "Abasov, Nijat"]
[WhiteFideId "14403803"]
[BlackFideId "13402960"]
[WhiteElo "2601"]
[BlackElo "2634"]
[Result "0-1"]
[Round "08"]
[TimeControl "180+2"]
[Date "2023.01.03"]
[WhiteClock "0:00:19"]
[BlackClock "0:00:14"]

1. e4 c5 2. Nc3 e6 3. Nge2 Nc6 4. g3 Nf6 5. Bg2 d5 6. exd5 exd5 7. d4 cxd4 8. Nxd4 Bg4 9. Qd3 Bc5 10. Be3 Qb6 11. Nxc6 Bxe3 12. Qxe3+ Qxe3+ 13. fxe3 bxc6 14. e4 d4 15. e5 O-O-O 16. exf6 dxc3 17. O-O cxb2 18. Rab1 g6 19. Rxb2 Kc7 20. Rb4 Bc8 21. Ra4 a6 22. Be4 Rd2 23. Bd3 Re8 24. a3 Bh3 25. Rb1 Re6 26. Rh4 Bg2 27. Rf4 Bd5 28. Rf2 Rxf2 29. Kxf2 Rxf6+ 30. Ke3 c5 31. c4 Re6+ 32. Kf4 Bc6 33. Rb2 h6 34. h4 Rf6+ 35. Ke5 Re6+ 36. Kf4 Rf6+ 37. Kg4 Bd7+ 0-1


[Site "https://www.chess.com"]

[Event "Titled Tuesday Blitz January 03 Early 2023"]
[White "Kamsky, Gata"]
[Black "Harshavardhan G B"]
[WhiteFideId "2000024"]
[BlackFideId "25059009"]
[WhiteElo "2665"]
[BlackElo "2408"]
[Result "0-1"]
[Round "08"]
[TimeControl "180+2"]
[Date "2023.01.03"]
[WhiteClock "0:00:03"]
[BlackClock "0:00:04"]

1. d4 Nf6 2. Nf3 c5 3. d5 d6 4. Nc3 g6 5. e4 Bg7 6. Be2 O-O 7. O-O e5 8. Nd2 Ne8 9. Nc4 f5 10. f4 Nd7 11. a4 Qe7 12. Bd3 exf4 13. Rxf4 Ne5 14. exf5 Nxd3 15. cxd3 Bxf5 16. Be3 Nf6 17. g4 Bd7 18. h3 Rae8 19. Qd2 h5 20. g5 Nh7 21. h4 Rxf4 22. Bxf4 Bd4+ 23. Kh2 Bg4 24. Ne4 Kg7 25. Re1 Nf8 26. Bg3 Nd7 27. Nexd6 Qe2+ 28. Rxe2 Rxe2+ 29. Qxe2 Bxe2 30. Nxb7 Bxd3 31. Nbd6 Nb6 32. Nxb6 axb6 33. b3 Bc2 34. Nc4 Bxb3 35. d6 Kf7 36. d7 Ke7 37. Nxb6 Be6 38. a5 Bxd7 39. a6 Bc6 40. a7 c4 41. Nxc4 Bxa7 42. Ne5 Be4 43. Nc4 Ke6 44. Nd2 Bf5 45. Bf4 Kd5 46. Kg3 Bd4 47. Nf3 Bc3 48. Be3 Ke4 49. Bf4 Kd3 50. Ne5+ Ke2 51. Nf3 Be4 52. Ng1+ Kf1 53. Nf3 Bd5 54. Bd2 Bg7 55. Bf4 Bf8 56. Be5 Bc5 57. Bd4 Bb4 58. Ne5 Be4 59. Kf4 Bf5 60. Nf3 Kg2 61. Be5 Bc5 62. Bf6 Ba3 63. Be5 Bc1+ 0-1


[Site "https://www.chess.com"]

[Event "Titled Tuesday Blitz January 03 Early 2023"]
[White "Lenderman, Aleksandr"]
[Black "Tatarinov, Dmitry"]
[WhiteFideId "2021285"]
[BlackFideId "24160067"]
[WhiteElo "2572"]
[BlackElo "2310"]
[Result "1-0"]
[Round "08"]
[TimeControl "180+2"]
[Date "2023.01.03"]
[WhiteClock "0:01:03"]
[BlackClock "0:00:12"]

1. d4 Nf6 2. c4 c6 3. Bf4 d5 4. e3 e6 5. Nc3 Bb4 6. Bd3 Qa5 7. Ne2 Nbd7 8. O-O dxc4 9. Bxc4 e5 10. dxe5 Nxe5 11. Bxe5 Qxe5 12. Bxf7+ Kxf7 13. Qb3+ Be6 14. Qxb4 b6 15. Qf4 Qxf4 16. Nxf4 Rhd8 17. Rfd1 c5 18. e4 Ng4 19. Nfd5 Ne5 20. f4 Nc4 21. b3 Bxd5 22. Nxd5 Nd6 23. Nc3 Rac8 24. Kf2 h5 25. Kf3 b5 26. e5 b4 27. exd6 bxc3 28. Rac1 Ke6 29. Rxc3 Rxd6 30. Re3+ Kd7 31. Rxd6+ Kxd6 32. Re5 Rc6 33. Rg5 Rc7 34. Rxh5 Kc6 35. Rg5 Kb5 36. Rg6 a5 37. a4+ Kb4 38. Rb6+ Ka3 39. Rb5 c4 40. bxc4 Kxa4 41. h4 Rxc4 42. Rb7 g6 43. Rb6 Rc3+ 44. Kg4 Rc2 45. g3 Rc5 46. Rxg6 Kb5 47. Rg8 a4 48. Rb8+ Kc4 49. Ra8 Kb4 50. h5 Ra5 51. Rxa5 Kxa5 52. h6 a3 53. h7 a2 54. h8=Q a1=Q 55. Qxa1+ 1-0


[Site "https://www.chess.com"]

[Event "Titled Tuesday Blitz January 03 Early 2023"]
[White "Khoroshev, Nikita"]
[Black "Terry, Renato"]
[WhiteFideId "14200287"]
[BlackFideId "3803457"]
[WhiteElo "2336"]
[BlackElo "2520"]
[Result "0-1"]
[Round "08"]
[TimeControl "180+2"]
[Date "2023.01.03"]
[WhiteClock "0:01:00"]
[BlackClock "0:01:39"]

1. e4 e6 2. d4 d5 3. Nc3 Nf6 4. Bg5 Bb4 5. e5 h6 6. Bd2 Bxc3 7. bxc3 Ne4 8. Qg4 g6 9. Bd3 Nxd2 10. Kxd2 c5 11. Nf3 Nc6 12. h4 cxd4 13. cxd4 Qa5+ 14. Ke2 b6 15. a3 Ba6 16. Qf4 Rc8 17. Rhc1 Ne7 18. Qd2 Qa4 19. Ke1 Nc6 20. Rab1 Bc4 21. c3 Bxd3 22. Qxd3 Na5 23. Nd2 Qxa3 24. Ra1 Qe7 25. g3 O-O 26. f4 f5 27. exf6 Qxf6 28. Ke2 Qf5 29. Nf3 Nb3 30. Ne5 Nxc1+ 31. Rxc1 Qxd3+ 32. Kxd3 Kg7 33. Ra1 Rc7 34. Ra3 a5 35. Rb3 Rb8 36. g4 a4 37. Ra3 b5 38. Ke3 b4 39. cxb4 Rxb4 40. Nd3 Rb3 41. Rxa4 Rcc3 42. Ra7+ Kf8 0-1


[Site "https://www.chess.com"]

[Event "Titled Tuesday Blitz January 03 Early 2023"]
[White "Jobava, Baadur"]
[Black "Avila Pavas, Santiago"]
[WhiteFideId "13601520"]
[BlackFideId "4437128"]
[WhiteElo "2578"]
[BlackElo "2522"]
[Result "0-1"]
[Round "08"]
[TimeControl "180+2"]
[Date "2023.01.03"]
[WhiteClock "0:00:08"]
[BlackClock "0:00:06"]

1. e4 Nf6 2. e5 Nd5 3. Nc3 Nxc3 4. dxc3 d6 5. exd6 cxd6 6. Be3 Nc6 7. Qd2 g6 8. O-O-O Be6 9. a3 Qa5 10. Nf3 h6 11. Nd4 Bd7 12. Nxc6 Bxc6 13. f3 Bg7 14. Bc4 O-O-O 15. Bxf7 Qf5 16. Bd5 Kb8 17. Rhe1 Rhe8 18. Bxc6 bxc6 19. Bxh6 Bf6 20. Be3 e5 21. Qf2 Rd7 22. Rd2 d5 23. Red1 Red8 24. Kb1 Rb7 25. Ka1 Ka8 26. Bc5 Rdb8 27. Bd6 Rd8 28. Bb4 Rdb8 29. Qc5 Qc8 30. Qd6 Bh8 31. Qxg6 e4 32. fxe4 a5 33. exd5 axb4 34. dxc6 bxc3 35. cxb7+ Qxb7 36. b4 cxd2+ 37. Kb1 Rd8 38. Qg5 Qd7 39. Qc5 Qg7 40. c3 Qg6+ 41. Kb2 Qf6 42. g3 Kb7 43. a4 Rc8 44. Qd5+ Kb8 45. Qb5+ Ka7 46. Qa5+ Kb7 47. Qd5+ Kb8 48. Qxd2 Rxc3 49. Ka2 Qe6+ 50. Qd5 Qe2+ 51. Rd2 Rc2+ 52. Kb3 Rxd2 53. Qg8+ Kc7 54. Qh7+ Rd7 55. Qxh8 Rd3+ 56. Kc4 Rd8+ 57. Kc5 Rxh8 0-1


[Site "https://www.chess.com"]

[Event "Titled Tuesday Blitz January 03 Early 2023"]
[White "Bortnyk, Olexandr"]
[Black "Ardelean, George-Catalin"]
[WhiteFideId "14120828"]
[BlackFideId "1207091"]
[WhiteElo "2605"]
[BlackElo "2470"]
[Result "1-0"]
[Round "08"]
[TimeControl "180+2"]
[Date "2023.01.03"]
[WhiteClock "0:00:28"]
[BlackClock "0:00:17"]

1. e4 c5 2. c3 Nf6 3. e5 Nd5 4. d4 cxd4 5. Nf3 d6 6. cxd4 Nc6 7. Bc4 Nb6 8. Bb5 Bd7 9. Nc3 dxe5 10. dxe5 a6 11. Bd3 Bg4 12. Bf4 e6 13. h3 Bh5 14. O-O Be7 15. Be4 O-O 16. b3 Qc7 17. g4 Rfd8 18. Qe2 Bg6 19. Rfd1 Bxe4 20. Nxe4 Nd5 21. Bg3 Rac8 22. Rac1 Qa5 23. a4 Ncb4 24. Kg2 Rc6 25. Nd4 Rxc1 26. Rxc1 h6 27. Nd6 Qb6 28. Rc4 Nc6 29. Nxc6 bxc6 30. Qc2 Nb4 31. Qc3 a5 32. Qf3 Bxd6 33. exd6 f6 34. h4 e5 35. g5 hxg5 36. hxg5 Rxd6 37. g6 Nd5 38. Qh5 Ne7 39. Rh4 Kf8 40. Qg4 f5 41. Rh8+ Ng8 42. Qxf5+ Rf6 43. Qc8+ 1-0


[Site "https://www.chess.com"]

[Event "Titled Tuesday Blitz January 03 Early 2023"]
[White "Pranav, V"]
[Black "Cardoso Cardoso, Jose Gabriel"]
[WhiteFideId "25060783"]
[BlackFideId "4430492"]
[WhiteElo "2597"]
[BlackElo "2492"]
[Result "1-0"]
[Round "08"]
[TimeControl "180+2"]
[Date "2023.01.03"]
[WhiteClock "0:01:50"]
[BlackClock "0:00:10"]

1. Nf3 e6 2. g3 d5 3. Bg2 Nf6 4. O-O Be7 5. d3 c5 6. Nbd2 Nc6 7. e4 b6 8. Re1 Bb7 9. e5 Nd7 10. Nf1 g5 11. c4 g4 12. cxd5 gxf3 13. dxc6 fxg2 14. cxd7+ Qxd7 15. Ne3 Rd8 16. Nc4 h5 17. h4 Rg8 18. Bg5 Bxg5 19. Nd6+ Kf8 20. hxg5 Rxg5 21. Qd2 Qe7 22. Qf4 Rg6 23. f3 Bd5 24. Kxg2 Rd7 25. Rh1 Qg5 26. Kf2 Rg7 27. Qxg5 Rxg5 28. f4 Bxh1 29. Rxh1 Rg8 30. Rxh5 Ke7 31. Rh7 Rf8 32. g4 Rxd6 33. exd6+ Kxd6 34. Kf3 Ke7 35. g5 Rg8 36. Ke4 a6 37. a4 b5 38. a5 Ke8 39. Ke5 Ke7 40. b3 Rg6 41. Rh8 f6+ 42. gxf6+ Rxf6 43. Rh7+ Rf7 44. Rxf7+ Kxf7 45. Kd6 Kf6 46. Kxc5 Kf5 47. Kb6 Kxf4 48. Kxa6 Ke3 49. Kxb5 Kxd3 50. a6 e5 51. a7 e4 52. a8=Q e3 53. Qd5+ 1-0


[Site "https://www.chess.com"]

[Event "Titled Tuesday Blitz January 03 Early 2023"]
[White "Vaibhav, Suri"]
[Black "Bluebaum, Matthias"]
[WhiteFideId "5045185"]
[BlackFideId "24651516"]
[WhiteElo "2595"]
[BlackElo "2669"]
[Result "0-1"]
[Round "08"]
[TimeControl "180+2"]
[Date "2023.01.03"]
[WhiteClock "0:00:03"]
[BlackClock "0:00:35"]

1. e4 e6 2. d4 d5 3. exd5 exd5 4. Nf3 Nc6 5. Bd3 Nb4 6. Be2 Bf5 7. Na3 Nc6 8. O-O Bxa3 9. bxa3 Nge7 10. Re1 O-O 11. a4 Qd6 12. Rb1 b6 13. Rb3 Rfe8 14. Ba3 Qf6 15. Re3 Ng6 16. Rxe8+ Rxe8 17. Bb5 Be4 18. Nd2 Nf4 19. Nxe4 Rxe4 20. Rxe4 dxe4 21. Qg4 h5 22. Qc8+ Nd8 23. g3 Ne6 24. c3 Kh7 25. Qd7 Qf3 26. d5 Ng5 27. Bf1 e3 28. fxe3 Qxe3+ 29. Kg2 Qf3+ 30. Kg1 Ne4 31. Qxd8 Qf2+ 0-1


[Site "https://www.chess.com"]

[Event "Titled Tuesday Blitz January 03 Early 2023"]
[White "Rozman, Levy"]
[Black "Narayanan.S.L"]
[WhiteFideId "2039877"]
[BlackFideId "5058422"]
[WhiteElo "2322"]
[BlackElo "2660"]
[Result "0-1"]
[Round "08"]
[TimeControl "180+2"]
[Date "2023.01.03"]
[WhiteClock "0:00:02"]
[BlackClock "0:01:07"]

1. d4 Nf6 2. Bg5 d5 3. Nd2 c5 4. e3 cxd4 5. exd4 Nc6 6. c3 Bf5 7. Qb3 Qd7 8. Ngf3 e6 9. Ne5 Qc8 10. Bb5 Bd6 11. Bf4 Qc7 12. Nxc6 bxc6 13. Bxd6 Qxd6 14. Qb4 Ke7 15. Bxc6 Rab8 16. Qa4 Rhc8 17. Bb5 Qb6 18. Qa3+ Qd6 19. Qa4 Kf8 20. Nb3 Kg8 21. Be2 h5 22. h3 g5 23. O-O Kg7 24. Qa6 Qf4 25. g3 Qc7 26. Kg2 Ne4 27. Rae1 Rb6 28. Qa5 h4 29. g4 Bg6 30. Bf3 f5 31. Qa3 Rf8 32. Re2 fxg4 33. Bxg4 Bf5 34. Nc5 Bxg4 35. hxg4 h3+ 36. Kg1 h2+ 37. Kg2 Rxf2+ 38. Rexf2 Qg3+ 39. Kh1 Nxf2+ 40. Rxf2 Qg1# 0-1


[Site "https://www.chess.com"]

[Event "Titled Tuesday Blitz January 03 Early 2023"]
[White "Oparin, Grigoriy"]
[Black "Orozbaev, Eldiar"]
[WhiteFideId "24125890"]
[BlackFideId "13802240"]
[WhiteElo "2667"]
[BlackElo "2235"]
[Result "1-0"]
[Round "08"]
[TimeControl "180+2"]
[Date "2023.01.03"]
[WhiteClock "0:01:07"]
[BlackClock "0:00:45"]

1. b3 b6 2. e4 Bb7 3. Qe2 e5 4. Bb2 Nc6 5. Nf3 Bd6 6. Na3 Nf6 7. Nc4 Qe7 8. O-O-O O-O 9. d4 Ba6 10. dxe5 Nxe5 11. Nfxe5 b5 12. Nxd6 cxd6 13. Ng4 Nxe4 14. f3 Qg5+ 15. Kb1 Nc5 16. Rxd6 Rfe8 17. Qd1 Bb7 18. Bxb5 a5 19. a4 Bc6 20. Qd4 Ne6 21. Rxe6 Rxe6 22. h4 Qg6 23. Bd3 f5 24. Bxf5 1-0


[Site "https://www.chess.com"]

[Event "Titled Tuesday Blitz January 03 Early 2023"]
[White "Bortnyk, Mykola"]
[Black "Antonica, Dragos-Andrei"]
[WhiteFideId "14120836"]
[BlackFideId "1246372"]
[WhiteElo "2425"]
[BlackElo "2373"]
[Result "0-1"]
[Round "08"]
[TimeControl "180+2"]
[Date "2023.01.03"]
[WhiteClock "0:00:29"]
[BlackClock "0:01:05"]

1. e4 d6 2. d4 Nf6 3. Nc3 Nbd7 4. g4 h6 5. h3 e5 6. Nge2 Be7 7. Bg2 c6 8. O-O Nf8 9. f4 exd4 10. Nxd4 Ng6 11. Be3 O-O 12. Qe1 Re8 13. Rd1 Qc7 14. Qg3 Bf8 15. Nf5 d5 16. exd5 Bxf5 17. gxf5 Ne7 18. Bf2 cxd5 19. Qd3 Rad8 20. Bd4 Ne4 21. f6 Nxf6 22. Bxf6 gxf6 23. Kh1 Qc4 24. Qg3+ Kh8 25. Rg1 Nf5 26. Qg4 Ne3 27. Qg3 Nf5 28. Qg4 Ne3 29. Qh5 Qxf4 30. Qxf7 Bd6 0-1


[Site "https://www.chess.com"]

[Event "Titled Tuesday Blitz January 03 Early 2023"]
[White "Rostomyan, Mikayel"]
[Black "Dardha, Daniel"]
[WhiteFideId "13313754"]
[BlackFideId "240990"]
[WhiteElo "2222"]
[BlackElo "2631"]
[Result "0-1"]
[Round "08"]
[TimeControl "180+2"]
[Date "2023.01.03"]
[WhiteClock "0:00:04"]
[BlackClock "0:01:15"]

1. d4 Nf6 2. Nf3 e6 3. c4 d5 4. g3 Be7 5. Bg2 O-O 6. O-O c6 7. b3 b6 8. Bb2 a5 9. Nfd2 b5 10. e4 bxc4 11. bxc4 Ba6 12. Qc2 Nbd7 13. Nc3 Rb8 14. Rfd1 Nb6 15. cxd5 cxd5 16. Rab1 dxe4 17. Ndxe4 Nxe4 18. Nxe4 Bb7 19. Qe2 Bd5 20. Nc5 Bxa2 21. Ra1 Bd5 22. Bxd5 Nxd5 23. Ba3 Nc3 24. Qc4 Nxd1 25. Rxd1 Bxc5 26. Bxc5 Re8 27. h4 Qd5 28. Qa4 Qb3 29. Qa1 a4 30. Re1 Ra8 31. Ba3 h6 32. Re3 Qb7 33. Re1 Rab8 34. Bc5 Qc6 35. Rd1 Rb3 36. Ba3 Reb8 37. Bc1 Rb1 38. Qa3 Qc2 39. Rf1 Rc8 40. Be3 Rxf1+ 41. Kxf1 Qb3 42. Qe7 a3 43. Bxh6 a2 44. Qg5 a1=Q+ 45. Kg2 Qd5+ 46. f3 Qxg5 47. Bxg5 Qa2+ 0-1


[Site "https://www.chess.com"]

[Event "Titled Tuesday Blitz January 03 Early 2023"]
[White "HSH1987"]
[Black "Narayanan, Srinath"]
[BlackFideId "5018420"]
[WhiteElo "2675"]
[BlackElo "2559"]
[Result "1/2-1/2"]
[Round "08"]
[TimeControl "180+2"]
[Date "2023.01.03"]
[WhiteClock "0:00:07"]
[BlackClock "0:00:55"]

1. Nf3 d5 2. g3 g6 3. Bg2 Bg7 4. O-O e5 5. d3 Ne7 6. c4 O-O 7. cxd5 Nxd5 8. Nc3 Nxc3 9. bxc3 e4 10. dxe4 Bxc3 11. Qxd8 Rxd8 12. Rb1 Nc6 13. Bf4 Ba5 14. Rfc1 Bb6 15. Nd2 Nd4 16. Kf1 Ne6 17. Nc4 Nxf4 18. gxf4 Be6 19. e5 Rd4 20. Nxb6 cxb6 21. Bxb7 Rad8 22. e3 Ra4 23. Rb2 Rxa2 24. Rxa2 Bxa2 25. Ra1 Bc4+ 26. Ke1 a5 27. e4 h6 28. Bd5 Bd3 29. Rc1 Bb5 30. Rc7 Rd7 31. Rc8+ Kg7 32. Rb8 Ra7 33. Rxb6 Bd7 34. Rb7 Rxb7 35. Bxb7 g5 36. f5 Kf8 37. Bd5 Ke7 38. Kd2 Bb5 39. Kc3 f6 40. Kd4 a4 41. Be6 a3 42. exf6+ Kxf6 43. e5+ Ke7 44. Kc3 Ba4 45. Kb4 Bd7 46. Bb3 Bxf5 47. Kxa3 Be6 48. Bc2 Bd5 49. Bf5 Be6 50. Be4 Bd7 51. Bd5 Be6 52. Be4 Bd7 1/2-1/2


[Site "https://www.chess.com"]

[Event "Titled Tuesday Blitz January 03 Early 2023"]
[White "Goltsev, Dmitry"]
[Black "Tang, Andrew"]
[WhiteFideId "24176710"]
[BlackFideId "2059630"]
[WhiteElo "2269"]
[BlackElo "2523"]
[Result "0-1"]
[Round "08"]
[TimeControl "180+2"]
[Date "2023.01.03"]
[WhiteClock "0:00:01"]
[BlackClock "0:00:07"]

1. e4 e5 2. Nf3 Nc6 3. Bb5 g6 4. O-O Bg7 5. c3 a6 6. Ba4 b5 7. Bc2 d6 8. a4 Rb8 9. axb5 axb5 10. d4 exd4 11. cxd4 Bg4 12. Be3 Bxf3 13. gxf3 Qf6 14. Nc3 Nge7 15. d5 Ne5 16. Kg2 O-O 17. Bd3 b4 18. Nb5 c6 19. dxc6 N7xc6 20. Be2 Nxf3 21. Qxd6 Nh4+ 22. Kh1 Qxb2 23. Rae1 Qc2 24. Bd3 Qb3 25. Rb1 Qe6 26. Qxe6 fxe6 27. Bc4 Kh8 28. Bxe6 Rxb5 29. Bd7 Na7 30. Bxb5 Nxb5 31. Rxb4 Nc3 32. e5 Nf5 33. Bf4 Nd5 34. Ra4 Nxf4 35. Rxf4 Bxe5 36. Re4 Bd6 37. Rd1 Kg7 38. Kg2 Rf6 39. h3 g5 40. Rd5 Kg6 41. Rd3 h6 42. Rd1 Bf4 43. Rde1 Kh5 44. Re6 Rf7 45. Rb1 Nh4+ 46. Kf1 Nf5 47. Rbb6 Rd7 48. Kg2 Rd3 0-1


[Site "https://www.chess.com"]

[Event "Titled Tuesday Blitz January 03 Early 2023"]
[White "Krysa, Leandro"]
[Black "Ohanyan, Emin"]
[WhiteFideId "116807"]
[BlackFideId "13312022"]
[WhiteElo "2541"]
[BlackElo "2444"]
[Result "1-0"]
[Round "08"]
[TimeControl "180+2"]
[Date "2023.01.03"]
[WhiteClock "0:00:42"]
[BlackClock "0:00:56"]

1. e4 e5 2. Nf3 Nc6 3. Nc3 Nf6 4. a4 Bb4 5. Bd3 d6 6. Nd5 Nxd5 7. exd5 Ne7 8. c3 Nxd5 9. cxb4 Nxb4 10. Bb1 O-O 11. O-O Re8 12. d4 e4 13. Ng5 d5 14. Qh5 h6 15. Qxf7+ Kh8 16. Qh5 Kg8 17. Bd2 Nc6 18. Ba2 hxg5 19. Bxd5+ Be6 20. Bxe4 Qxd4 21. Qh7+ Kf8 22. Bc3 Qd7 23. Qh8+ Bg8 24. Rad1 1-0


[Site "https://www.chess.com"]

[Event "Titled Tuesday Blitz January 03 Early 2023"]
[White "Ter-Sahakyan, Samvel"]
[Black "Volkov, Maksim"]
[WhiteFideId "13302531"]
[BlackFideId "54123070"]
[WhiteElo "2617"]
[BlackElo "2258"]
[Result "1-0"]
[Round "08"]
[TimeControl "180+2"]
[Date "2023.01.03"]
[WhiteClock "0:00:03"]
[BlackClock "0:00:01"]

1. d4 d5 2. c4 e6 3. Nc3 c6 4. e3 Nf6 5. Nf3 Nbd7 6. Qc2 Bd6 7. Be2 O-O 8. O-O b6 9. a4 a5 10. b3 Qe7 11. Bb2 Bb7 12. Rad1 Rac8 13. Bd3 Rfe8 14. e4 dxe4 15. Bxe4 Nxe4 16. Nxe4 Bb4 17. Ne5 Rcd8 18. Qe2 c5 19. Nxd7 Rxd7 20. dxc5 Rxd1 21. Rxd1 Bxc5 22. Bf6 Qf8 23. Nxc5 Qxc5 24. Qg4 Qf8 25. Rd7 Bc8 26. Rc7 e5 27. Qg3 Bf5 28. h4 Bg6 29. Bxe5 f6 30. Bd6 Re1+ 31. Kh2 Qe8 32. h5 Bf7 33. h6 g5 34. Rb7 Be6 35. Rb8 Bc8 36. Qf3 Re4 37. g3 Kf7 38. Qh5+ Kg8 39. Qxe8+ Rxe8 40. Rxb6 Bf5 41. Bc5 Kf7 42. Bd4 Re6 43. Rb7+ Kg6 44. Bc3 Bc2 45. Bxa5 Re2 46. Kg2 Be4+ 47. Kf1 Rb2 48. Rb6 Bf3 49. Ke1 Re2+ 50. Kf1 Rb2 51. c5 Rb1+ 52. Be1 1-0


[Site "https://www.chess.com"]

[Event "Titled Tuesday Blitz January 03 Early 2023"]
[White "Atakhan, Abtin"]
[Black "Tactrics"]
[WhiteFideId "22502203"]
[WhiteElo "2422"]
[BlackElo "2846"]
[Result "1-0"]
[Round "08"]
[TimeControl "180+2"]
[Date "2023.01.03"]
[WhiteClock "0:00:31"]
[BlackClock "0:00:55"]

1. Nf3 Nf6 2. c4 c5 3. g3 b6 4. Bg2 Bb7 5. O-O e6 6. b3 Be7 7. Bb2 O-O 8. Nc3 d6 9. e3 Nbd7 10. Qe2 a6 11. Rad1 Qc7 12. Ne1 Rfe8 13. d3 Bc6 14. f4 b5 15. g4 Nf8 16. g5 N6d7 17. h4 f5 18. h5 b4 19. Nb1 a5 20. Nd2 a4 21. h6 g6 22. d4 Bxg2 23. Qxg2 axb3 24. axb3 Ra2 25. Nd3 Rea8 26. d5 Qb7 27. e4 Nb6 28. Rde1 R8a7 29. dxe6 fxe4 30. Nxe4 Nxe6 31. f5 Nxg5 32. f6 Rxb2 33. Qxb2 Bf8 34. Nxg5 1-0


[Site "https://www.chess.com"]

[Event "Titled Tuesday Blitz January 03 Early 2023"]
[White "Vlassov, Nikolai"]
[Black "Gunina, Valentina"]
[WhiteFideId "4103360"]
[BlackFideId "4167570"]
[WhiteElo "2283"]
[BlackElo "2469"]
[Result "1-0"]
[Round "08"]
[TimeControl "180+2"]
[Date "2023.01.03"]
[WhiteClock "0:00:38"]
[BlackClock "0:01:26"]

1. e4 c6 2. d4 d5 3. e5 c5 4. dxc5 e6 5. Nf3 Bxc5 6. a3 a6 7. Bd3 Ne7 8. O-O Ng6 9. g3 Nc6 10. Qe2 Nd4 11. Nxd4 Bxd4 12. c3 Bb6 13. Nd2 O-O 14. Nf3 f6 15. Bxg6 hxg6 16. h4 Bd7 17. Bf4 Bb5 18. Qd2 Bxf1 19. Rxf1 Rc8 20. Kg2 Qd7 21. Re1 f5 22. Ng5 Rc4 23. Qe2 Bd8 24. Nf3 Re4 25. Qd2 Rxe1 26. Qxe1 Bb6 27. Ng5 Rc8 28. Qd1 Bd8 29. Nf3 Qb5 30. Nd4 Qe8 31. Nf3 Kf7 32. Bg5 Qb5 33. h5 Qc4 34. Bxd8 Rxd8 35. Ng5+ Ke7 36. hxg6 d4 37. Nf7 dxc3 38. Qxd8# 1-0


[Site "https://www.chess.com"]